 Dungeon Crawl Stone Soup version 0.28-a0-1143-gcf6077d4cc (webtiles) character file.

Game seed: 18261606246696059570

900 SensoryNuts the Slasher (level 7, -5/53 HPs)
             Began as a Demonspawn Gladiator on Dec 13, 2021.
             Was an Initiate of Yredelemnul.
             Slain by a two-headed ogre (12 damage)
             ... on level 6 of the Dungeon.
             The game lasted 00:10:38 (6433 turns).

SensoryNuts the Slasher (Demonspawn Gladiator)      Turns: 6433, Time: 00:10:39

Health: -5/53      AC: 14    Str: 16    XL:     7   Next: 79%
Magic:  7/7        EV: 12    Int:  9    God:    Yredelemnul [......]
Gold:   162        SH:  0    Dex: 15    Spells: 6/6 levels left

rFire   + . .      SeeInvis .   a - +0 long sword
rCold   . . .      Faith    .   (no shield)
rNeg    . . .      Spirit   .   m - +2 ring mail {rF+}
rPois   .          Reflect  .   c - +0 helmet
rElec   .          Harm     .   e - scarf {repulsion}
rCorr   .          Rampage  .   (no gloves)
Will    .....                   i - +2 pair of boots
Stlth   +.........              (no amulet)
HPRegen 0.17/turn               (no ring)
MPRegen 0.10/turn               (no ring)

@: studying Long Blades, repel missiles
A: thin metallic scales 1, ignite blood 1, weakness stinger 1
a: Renounce Religion, Recall Undead Harvest


You were on level 6 of the Dungeon.
You worshipped Yredelemnul.
Yredelemnul was noncommittal.
You visited 2 branches of the dungeon, and saw 7 of its levels.

You collected 181 gold pieces.
You spent 19 gold pieces at shops.

Inventory:

Hand Weapons
 a - a +0 long sword (weapon)
 p - a +0 mace
Missiles
 d - 3 throwing nets (quivered)
Armour
 b - a +0 leather armour
 c - a +0 helmet (worn)
 e - a scarf of repulsion (worn)
 h - a +0 plate armour
 i - a +2 pair of boots (worn)
 m - a +2 ring mail of fire resistance (worn)
Jewellery
 o - a +4 ring of protection
Wands
 n - a wand of mindburst (8)
Scrolls
 g - 3 scrolls of teleportation
 k - 2 scrolls of identify
 l - 2 scrolls of enchant armour
 r - a scroll of fog {unknown}
Potions
 f - 2 potions of haste
 q - a potion of degeneration {unknown}


   Skills:
 + Level 3.8 Fighting
 + Level 7.7 Long Blades
 + Level 1.8 Throwing
 + Level 3.5 Armour
 + Level 3.7 Dodging
 + Level 0.8 Stealth


You had 6 spell levels left.
You didn't know any spells.
Your spell library contained the following spells:

 Spells                   Type           Power      Damage    Failure   Level
 Borgnjor's Revivificati  Necr           0%         N/A       100%        8
 Necromutation            Tmut/Necr      0%         N/A       100%        8
 Death's Door             Necr           0%         N/A       100%        9


Dungeon Overview and Level Annotations

Branches:
Dungeon (6/15)             Temple (1/1) D:5

Altars:
Ashenzari
Cheibriados
Dithmenos
Elyvilon
Gozag
Hepliaklqana
Kikubaaqudgha
Makhleb
Nemelex Xobeh
Okawaru
Qazlal
Ru
Sif Muna
Trog
Uskayaw
Vehumet
Wu Jian
Xom
Yredelemnul
Zin
The Shining One

Shops:
D:2 [   D:5 *

Annotations:
D:5 1 transporter, KennySheep's ghost, novice DECj
D:6 Menkaure


Innate Abilities, Weirdness & Mutations

You are partially covered in thin metallic scales. (AC +2)
Your demonic aura sometimes causes spilled blood to erupt in flames.
You have a small tail.


Message History

Level annotation: 1 transporter, KennySheep's ghost, novice DECj
There is a staircase to the Ecumenical Temple here.
Partly explored, unvisited transporter.
Partly explored, unvisited transporter.
Partly explored, unvisited transporter.
Partly explored, unvisited transporter.
There is a stone staircase leading down here.
You climb downwards.
The two-headed ogre shouts in stereo!
Found 11 stones and 4 gold pieces.
Found an escape hatch in the ceiling.
Found a stone staircase leading down and a stone staircase leading up.
There is a stone staircase leading up here.
There are monsters nearby!
There are monsters nearby!
There are monsters nearby!
There are monsters nearby!
There is a stone staircase leading up here.
You climb upwards.
Level annotation: 1 transporter, KennySheep's ghost, novice DECj
There is a stone staircase leading down here.
There is a stone staircase leading down here.
You climb downwards.
Level annotation: Menkaure Menkaure calls on the powers of darkness!
The two-headed ogre convulses!
Your body is wracked with pain!
Found an escape hatch in the floor.
There is a stone staircase leading up here.
Menkaure gestures wildly while chanting.
Menkaure seems to speed up.
There is a stone staircase leading up here.
You feel better.
Menkaure calls on the powers of darkness!
Your body is wracked with pain!
The two-headed ogre convulses!
Okay, then.
Menkaure points at you and mumbles some strange words.
Pain shoots through your body!
* * * LOW HITPOINT WARNING * * *
The two-headed ogre hits you with a +0 giant club!
You die...
Your body rises from the dead as a mindless zombie.

.....>. .......
.....<.#### .
.........#####
..#####...........#
..................#
............$.....#
...........O@.....#
...>...........####
.......<...M...#
.....(.#.......#
##.....#...+##.#
..O....#...+ .#
...........+ +#
..#......... .
#..........


You could see a two-headed ogre and Menkaure (fast).

Vanquished Creatures
  An ogre (D:5)
  A necrophage (D:5)
  2 centaurs (D:4)
  A phantom (D:5)
  A wyvern skeleton (D:5)
  A howler monkey (D:5)
  2 hounds
  2 orc priests
  3 iguanas (D:5)
  3 orc wizards
  A hound skeleton (D:4)
  2 adders
  A shadow imp (D:5)
  An ufetubus (D:5)
  3 worms
  16 orcs
  7 bats
  5 endoplasms
  4 giant cockroaches
  5 goblins
  3 hobgoblins
  3 jackals (D:1)
  4 quokkas
  10 ball pythons
  9 frilled lizards
  6 kobolds
  2 rats
99 creatures vanquished.

Vanquished Creatures (others)
  3 fungi (D:1)
  A plant (D:1)
4 creatures vanquished.

Grand Total: 103 creatures vanquished

Notes
Turn   | Place    | Note
-------+----------+-------------------------------------------
     0 | D:1      | SensoryNuts the Demonspawn Gladiator began the quest for
                  | the Orb.
     0 | D:1      | Reached XP level 1. HP: 16/16 MP: 1/1
   365 | D:1      | Gained mutation: Your demonic aura sometimes causes spilled
                  | blood to erupt in flames. [demonic ancestry]
   365 | D:1      | Reached XP level 2. HP: 20/22 MP: 2/2
   713 | D:1      | Reached skill level 3 in Long Blades
  1118 | D:1      | Found a faded altar of an unknown god.
  1555 | D:2      | Found Jitiemn's Antique Armour Emporium.
  1560 | D:2      | Bought a robe for 19 gold pieces
  1606 | D:2      | Reached XP level 3. HP: 21/27 MP: 3/3
  2080 | D:2      | Reached skill level 1 in Armour
  2900 | D:3      | Reached XP level 4. HP: 28/34 MP: 4/4
  3851 | D:4      | Reached skill level 4 in Long Blades
  3851 | D:4      | Gained mutation: You have a small tail. [demonic ancestry]
  3851 | D:4      | Reached XP level 5. HP: 39/39 MP: 5/5
  3862 | D:4      | Noticed a centaur
  3874 | D:4      | Killed a centaur
  4190 | D:4      | Noticed a centaur
  4204 | D:4      | Killed a centaur
  4205 | D:4      | Reached XP level 6. HP: 41/47 MP: 6/6
  4706 | D:5      | Entered Level 5 of the Dungeon
  4719 | D:5      | Noticed KennySheep's ghost (novice DECj)
  4722 | D:5      | Reached skill level 5 in Long Blades
  4898 | D:5      | Reached skill level 6 in Long Blades
  4905 | D:5      | Gained mutation: You are partially covered in thin metallic
                  | scales. (AC +2) [demonic ancestry]
  4905 | D:5      | Reached XP level 7. HP: 50/52 MP: 7/7
  5145 | D:5      | Reached skill level 7 in Long Blades
  5240 | D:5      | Found Izuppul's Serpentskin Sales.
  5445 | D:5      | Found a staircase to the Ecumenical Temple.
  5615 | D:5      | Found a transporter.
  6013 | Temple   | Entered the Ecumenical Temple
  6353 | Temple   | Became a worshipper of Yredelemnul the Dark
  6410 | D:6      | Noticed Menkaure
  6410 | D:6      | Noticed a two-headed ogre
  6433 | D:6      | Slain by a two-headed ogre

Illustrated notes

Levels and vault maps discovered:
D:1:      lightli_molten_gateway, layout_basic,
          shapermc_ecumenical_altar_ellora, minmay_lizard_pond
D:2:      layout_loops_cross, serial_shops, shop
D:3:      layout_basic
D:4:      layout_basic, minmay_manual_mail
D:5:      layout_rooms, lemuel_temple_firewalk_a, gammafunk_ghost_smash,
          kennysheep_minor_cross, guppyfry_shop_venom
D:6:      layout_basic, serial_glass, glass_columns_a, glass_columns_a,
          glass_columns_a, glass_columns_b, glass_columns_b,
          hangedman_decor_opposing, hex_medium, minmay_misc_feat_rows,
          due_unseen_surprise, uniq_menkaure, uniq_eustachio
Temple:   regret_index_temple_sigil_plot

Skill      XL: |  1  2  3  4  5  6  7 |
---------------+----------------------+-----
Dodging        | 3 |  3.7
Long Blades    | 3 4 6 7 |  7.7
Armour         | 1 2 3 |  3.5
Fighting       | 3 |  3.8
Throwing       | |  1.8
Stealth        | |  0.8

Action                   |  1- 3 |  4- 6 |  7- 9 || total
-------------------------+-------+-------+-------++-------
Melee: Long sword        |   149 |   149 |    66 ||   364
       Tailslap          |       |     9 |     9 ||    18
  Use: Scroll            |     3 |     2 |       ||     5
       Potion            |     3 |     2 |     1 ||     6
Armor: Leather armour    |    62 |     8 |       ||    70
       Plate armour      |       |    70 |       ||    70
       Ring mail         |       |    27 |    25 ||    52
Dodge: Dodged            |   138 |    87 |    30 ||   255
       Repelled          |       |     1 |       ||     1

Table legend: (Time is in decaauts)
 A = Elapsed time spent in this place.
 B = Non-inter-level travel time spent in this place.
 C = Inter-level travel time spent in this place.
 D = Time resting spent in this place.
 E = Time spent auto-exploring this place.
 F = Levels seen in this place.
 G = Mean time per level.
                   A        B        C        D        E       F      G
               +--------+--------+--------+--------+--------+-----+--------+
         Total |   6492 |   6492 |      0 |    100 |   4750 |   7 |  927.4 |
       Dungeon |   6121 |   6121 |      0 |    100 |   4489 |   6 | 1020.2 |
        Temple |    370 |    370 |      0 |      0 |    261 |   1 |  370.0 |
               +--------+--------+--------+--------+--------+-----+--------+

Top non-repeatable levels by time:
     D:1: 1544 daAuts
     D:5: 1343 daAuts
     D:3: 1272 daAuts
     D:4: 1005 daAuts
     D:2: 947 daAuts
  Temple: 370 daAuts
     D:6: 8 daAuts
